 Dungeon Crawl Stone Soup version 0.28-a0-998-gb9e9c7b67e (webtiles) character file.

Game seed: 6399785734213537210

11515 Armakuni the Arsonist (level 12, -1/92 HPs)
             Began as a Human Wanderer on Dec 5, 2021.
             Succumbed to barbed spike wounds
             ... on level 12 of the Dungeon.
             The game lasted 00:34:21 (14694 turns).

Armakuni the Arsonist (Human Wanderer)             Turns: 14694, Time: 00:34:22

Health: -1/92      AC:  9    Str: 17    XL:     12   Next: 8%
Magic:  0/13       EV: 15    Int: 15    God:
Gold:   238        SH:  5    Dex: 17    Spells: 5/13 levels left

rFire   + . .      SeeInvis +   a - staff of fire
rCold   . . .      Faith    .   s - +0 buckler
rNeg    . . .      Spirit   +   m - +1 steam dragon scales
rPois   +          Reflect  .   q - +0 helmet
rElec   .          Harm     .   d - +0 cloak
rCorr   .          Rampage  .   (no gloves)
Will    .....                   (no boots)
Stlth   ++........              G - amulet of guardian spirit
HPRegen 0.25/turn               D - +6 ring of dexterity
MPRegen 0.13/turn               P - ring of Cufaats {Fly rPois SInv}

@: brilliant, spiked, flying, hasted, very quick
A: no striking features
a: no special abilities


You were on level 12 of the Dungeon.
You visited 2 branches of the dungeon, and saw 14 of its levels.

You collected 490 gold pieces.
You spent 252 gold pieces at shops.

Inventory:

Hand Weapons
 b - a +3 hand crossbow
 l - a +2 hand axe of electrocution
Missiles
 e - 19 bolts
 p - a curare-tipped dart
Armour
 d - a +0 cloak (worn)
 m - +1 steam dragon scales (worn)
 q - a +0 helmet (worn)
 s - a +0 buckler (worn)
 A - the +1 chain mail of Pantheism {Will+ Int+4}
   (You found it on level 8 of the Dungeon)

   Int:       It affects your intelligence (+4).
   Will:      It increases your willpower.
Magical Staves
 a - a staff of fire (weapon)
Jewellery
 f - a ring of fire
 D - a +6 ring of dexterity (left hand)
 F - a ring of protection from fire
 G - an amulet of guardian spirit (around neck)
 J - a ring of ice
 P - the ring of Cufaats (right hand) {Fly rPois SInv}
   (You acquired it on level 3 of the Dungeon)

   [ring of see invisible]

   rPois:     It protects you from poison.
   SInv:      It lets you see invisible.
   Fly:       It grants you flight.
Wands
 k - a wand of digging (16)
Scrolls
 g - 2 scrolls of torment
 h - a scroll of fear
 j - a scroll of identify
 o - 3 scrolls of noise
 u - 2 scrolls of enchant weapon
 y - a scroll of enchant armour
Potions
 c - a potion of lignification
 i - 5 potions of flight


   Skills:
 + Level 7.8 Fighting
 - Level 7.1 Staves
 - Level 4.0 Crossbows
 - Level 5.0 Armour
 + Level 5.8 Dodging
 - Level 1.0 Stealth
 - Level 4.0 Shields
 - Level 1.2 Spellcasting
 - Level 10.0 Fire Magic
 - Level 10.0 Evocations


You had 5 spell levels left.
You knew the following spells:

 Your Spells              Type           Power      Damage    Failure   Level
f - Fireball              Conj/Fire      17%        3d9       65%         5
v - Poisonous Vapours     Pois/Air       2%         N/A       36%         2
z - Sting                 Tmut/Pois      4%         1d3       24%         1

Your spell library contained the following spells:

 Spells                   Type           Power      Damage    Failure   Level
 Corpse Rot               Necr/Air       2%         N/A       36%         2
 Sublimation of Blood     Necr           1%         N/A       36%         2
 Call Canine Familiar     Summ           1%         N/A       58%         3
 Portal Projectile        Hex/Tloc       2%         N/A       58%         3
 Dispel Undead            Necr           1%         3d6       94%         4
 Leda's Liquefaction      Hex/Erth       0%         N/A       94%         4
 Olgreb's Toxic Radiance  Pois           1%         N/A       94%         4
 Passage of Golubria      Tloc           1%         N/A       94%         4
 Petrify                  Tmut/Erth      1%         N/A       94%         4
 Irradiate                Conj/Tmut      0%         3d13      100%        5
 Iskenderun's Battlesphe  Conj           1%         2d6       100%        5
 Silence                  Hex/Air        0%         N/A       100%        5
 Starburst                Conj/Fire      17%        6d6       99%         6
 Death Channel            Necr           0%         N/A       100%        6
 Iron Shot                Conj/Erth      0%         9d1       100%        6
 Spellforged Servitor     Conj/Summ      0%         N/A       100%        7
 Ignition                 Fire           31%        3d10      100%        8
 Lehudib's Crystal Spear  Conj/Erth      0%         10d2      100%        8


Dungeon Overview and Level Annotations

Branches:
Dungeon (13/15)            Temple (1/1) D:7            Lair (0/6) D:8
    Orc: D:9-12      Vaults: D:13-14

Altars:
Ashenzari
Cheibriados
Dithmenos
Elyvilon
Fedhas
Gozag
Hepliaklqana
Kikubaaqudgha
Makhleb
Nemelex Xobeh
Okawaru
Qazlal
Sif Muna
Trog
Uskayaw
Wu Jian
Xom
Yredelemnul
The Shining One

Shops:
D:8 *

Annotations:
D:12 Gastronok


Message History

You hit the orc but do no damage. You burn the orc!
You kill the orc!
The orc hits you but does no damage.
The barbed spikes dig painfully into your body as you move.
* * * LOW HITPOINT WARNING * * *
You feel less confused.
The sentinel's mark upon you fades away.
The yak barely misses you.
The barbed spikes dig painfully into your body as you move.
* * * LOW HITPOINT WARNING * * *
The barbed spikes dig painfully into your body as you move.
* * * LOW HITPOINT WARNING * * *
Okay, then.
As you read the scroll of fear, it crumbles to dust.
You assume a fearsome visage.
The yak looks frightened! x4
The orc looks frightened!
The cyan ugly thing looks frightened!
The unseen horror looks frightened!
The yak looks frightened! x4
The orc wizard resists with some effort.
The orc looks frightened! x3; The centaur warrior looks frightened!
The centaur warrior cowers, then darts away.
You feel yourself speed up.
The barbed spikes dig painfully into your body as you move.
* * * LOW HITPOINT WARNING * * *
The orc wizard gestures at you while chanting.
You easily resist.
The barbed spikes dig painfully into your body as you move.
* * * LOW HITPOINT WARNING * * *
The barbed spikes dig painfully into your body as you move.
* * * LOW HITPOINT WARNING * * *
The barbed spikes dig painfully into your body as you move.
* * * LOW HITPOINT WARNING * * *
Okay, then.
Okay, then.
Okay, then.
The barbed spikes dig painfully into your body as you move.
* * * LOW HITPOINT WARNING * * *
As you read the scroll of fear, it crumbles to dust.
You assume a fearsome visage.
The orc wizard looks frightened! x2
The barbed spikes dig painfully into your body as you move.
You die...

.........##......##
....Y...[.....(...##### ##
....u...<.........#.#.# #.##
.....Y................##...#
...o..)..o.....##..........#
...Y............#..........#
..........o...............##
....Y..)#...#..[..........#
...YY...#o..#.#.@...<..#.##
....#.......#####..#..####
....#....#### #######
.....#...# .....#...#
........ ....... .o.... ...


You could see 2 orc wizards.

Vanquished Creatures
  Josephine (D:12)
  Erica (D:8)
  A deep elf pyromancer (D:13)
  An ugly thing (D:13)
  Joseph (D:8)
  A kobold demonologist (D:13)
  A komodo dragon (D:8)
  A troll (D:13)
  3 meliai
  Grinder (D:6)
  A shadow (D:9)
  A vampire (D:12)
  A wyvern (D:6)
  2 yaks (D:8)
  3 wraiths (D:11)
  2 steam dragons
  Edmund (D:5)
  Menkaure (D:6)
  An acid dragon (D:9)
  3 water moccasins
  An ice beast (D:4)
  3 orc warriors
  An ogre (D:2)
  A sky beast (D:6)
  3 black bears
  7 necrophages
  3 centaurs
  3 kobold brigands
  A gnoll sergeant (D:9)
  5 bullfrogs
  A wyvern zombie (D:7)
  7 scorpions
  9 killer bees
  15 wights
  4 howler monkeys
  3 centaur zombies
  3 orc priests
  3 centaur skeletons
  A jelly (D:5)
  A gnoll shaman (D:5)
  Crazy Yiuf (D:5)
  2 hounds
  4 orc wizards
  3 killer bee zombies
  2 mummies (D:7)
  10 gnolls
  6 adders
  A shadow imp (D:6)
  A white imp (D:5)
  2 ufetubi
  A worm (D:5)
  A dart slug (D:5)
  30 orcs
  9 ball pythons
  5 endoplasms
  3 giant cockroaches
  5 goblins
  10 hobgoblins
  3 jackals
  7 quokkas
  8 bats
  5 frilled lizards
  24 kobolds
  8 rats
  A spectral orc (D:3)
255 creatures vanquished.

Vanquished Creatures (collateral kills)
  A steam dragon (D:8)
1 creature vanquished.

Vanquished Creatures (others)
  3 orcs (D:8)
  33 fungi (D:8)
  53 plants
  2 withered plants (D:7)
91 creatures vanquished.

Grand Total: 347 creatures vanquished

Notes
Turn   | Place    | Note
-------+----------+-------------------------------------------
     0 | D:1      | Armakuni the Human Wanderer began the quest for the Orb.
     0 | D:1      | Armakuni set off with the following items: a +2 hand
                  | crossbow, 25 bolts, a +0 ring mail, a potion of curing
     0 | D:1      | Reached XP level 1. HP: 16/16 MP: 1/1
   270 | D:1      | Reached XP level 2. HP: 23/23 MP: 2/2
   786 | D:1      | Reached XP level 3. HP: 23/28 MP: 3/3
  1820 | D:2      | Reached XP level 4. HP: 34/34 MP: 4/4
  1948 | D:2      | Learned a level 1 spell: Sting
  1954 | D:2      | Learned a level 2 spell: Poisonous Vapours
  2270 | D:2      | Found an iron altar of Okawaru.
  2316 | D:2      | Found a faded altar of an unknown god.
  2325 | D:2      | Noticed an ogre
  2330 | D:2      | Killed an ogre
  2331 | D:2      | Reached XP level 5. HP: 41/41 MP: 5/5
  2677 | D:3      | Found a basalt altar of Yredelemnul.
  2819 | D:3      | Found a bloodstained altar of Trog.
  2866 | D:3      | Found a shimmering altar of Xom.
  2978 | D:3      | Found an ornate altar of the Wu Jian Council.
  3226 | D:3      | Identified a scroll of acquirement
  3226 | D:3      | Acquired the ring of Cufaats {Fly rPois SInv}
  3270 | D:3      | Reached XP level 6. HP: 43/47 MP: 6/6
  4021 | D:4      | Found a burning altar of Makhleb.
  4153 | D:4      | Noticed an ice beast
  4163 | D:4      | Killed an ice beast
  4164 | D:4      | Reached XP level 7. HP: 33/54 MP: 5/7
  4777 | D:5      | Entered Level 5 of the Dungeon
  4913 | D:5      | Reached skill level 5 in Fighting
  4913 | D:5      | Reached skill level 5 in Armour
  5116 | D:4      | Reached XP level 8. HP: 62/62 MP: 9/9
  5148 | D:5      | Reached skill level 1 in Spellcasting
  5200 | D:5      | Found a stormy altar of Qazlal.
  5386 | D:5      | Found a blossoming altar of Fedhas.
  5416 | D:5      | Noticed Edmund
  5447 | D:5      | Killed Edmund
  5448 | D:5      | Reached XP level 9. HP: 18/68 MP: 6/10
  5694 | D:5      | Learned a level 5 spell: Fireball
  6508 | D:5      | Found a runed translucent door.
  6509 | D:5      | Noticed Crazy Yiuf
  6658 | D:5      | Killed Crazy Yiuf
  6854 | D:6      | Noticed Menkaure
  6863 | D:6      | Noticed Grinder
  7088 | D:6      | Killed Grinder
  7194 | D:6      | Killed Menkaure
  7364 | D:6      | Reached XP level 10. HP: 39/74 MP: 4/11
  8783 | D:7      | Identified the +1 scimitar of Riam Ops {venom, rC+}
  8811 | D:7      | Found a staircase to the Ecumenical Temple.
  8815 | Temple   | Entered the Ecumenical Temple
  8962 | D:8      | Noticed Erica
  8986 | D:8      | Killed Erica
  9219 | D:8      | Found a staircase to the Lair.
  9349 | D:8      | Noticed a komodo dragon
  9358 | D:8      | Killed a komodo dragon
  9359 | D:8      | Reached XP level 11. HP: 71/79 MP: 12/12
  9565 | D:8      | Found a hide-covered altar of Uskayaw.
  9587 | D:8      | Identified the +1 chain mail of Pantheism {Will+ Int+4}
  9666 | D:8      | Found a snail-covered altar of Cheibriados.
 10123 | D:7      | Reached skill level 10 in Fire Magic
 10130 | D:8      | Reached skill level 10 in Evocations
 10260 | D:8      | Noticed Joseph
 10276 | D:8      | Killed Joseph
 10277 | D:8      | Reached skill level 1 in Dodging
 10926 | D:8      | Found Ricurphi's General Store.
 10935 | D:8      | Bought a wand of digging (5) for 252 gold pieces
 12677 | D:10     | Entered Level 10 of the Dungeon
 12912 | D:9      | HP: 4/81 [meliai (7)]
 13481 | D:10     | You are sucked into a shaft and drop 3 floors!
 13481 | D:13     | Noticed a white ugly thing
 13494 | D:13     | Killed a white ugly thing
 13776 | D:13     | Noticed a deep elf pyromancer
 13795 | D:13     | Killed a deep elf pyromancer
 14067 | D:13     | Reached skill level 5 in Dodging
 14166 | D:12     | Noticed Gastronok
 14170 | D:12     | Noticed a manticore
 14231 | D:12     | Noticed Josephine
 14274 | D:11     | Reached XP level 12. HP: 80/91 MP: 10/13
 14320 | D:11     | Noticed a six-headed hydra
 14332 | D:12     | Killed Josephine
 14672 | D:12     | Noticed a centaur warrior
 14692 | D:12     | HP: 4/92 [barbs]
 14694 | D:12     | Succumbed to barbed spike wounds

Illustrated notes

Levels and vault maps discovered:
D:1:      noname_arrival_rooms_in_the_neighbourhood, layout_rooms,
          serial_forest, infiniplex_forest_clump_curved,
          infiniplex_forest_lined_3, infiniplex_forest_straight_4,
          infiniplex_forest_clump_long, infiniplex_forest_end_1,
          infiniplex_forest_end_2, infiniplex_forest_clump_long,
          infiniplex_forest_straight_4, infiniplex_forest_clump_small,
          infiniplex_forest_fountain, serial_bayou_lagoon_a
D:2:      layout_loops_corners, basic_ecumenical_altar, basic_altar,
          minmay_guardbox
D:3:      layout_basic, xom_butterflies, nicolae_wu_jian_immortal_techniques,
          yredelemnul_forgotten_temple_becter, marbit_many_paths
D:4:      layout_loops_ring, mainiacjoe_overflow_alcove_1,
          nicolae_figureground_pulse
D:5:      layout_loops_ring, nicolae_qazlal_scattered_showers, fedhas_altar_1,
          kennysheep_big_empty_room, uniq_crazy_yiuf_cottage, uniq_edmund
D:6:      layout_basic, minmay_misc_feat_nine_boxes, uniq_grinder, uniq_menkaure
D:7:      layout_basic, mainiacjoe_overflow_alcove_3, temple_hall_moat,
          serial_undead, serial_undead_f, serial_undead_b, serial_undead_d,
          serial_undead_e, serial_undead_b
D:8:      layout_basic, nicolae_uskayaw_dance_hall,
          mainiacjoe_overflow_six_doors_small, due_lair_maze_entry_diamond,
          serial_shops, nicolae_lakefront_shop, sigmund_army, uniq_joseph,
          uniq_erica
D:9:      layout_basic, serial_curves, eino_curves_03, eino_curves_04
D:10:     layout_basic, orc_0_dummy, nicolae_trove_entry_free_sample,
          uniq_harold
D:11:     layout_big_octagon, serial_bayou_pond_c
D:12:     layout_cave_pools, uniq_gastronok, uniq_josephine
D:13:     layout_roguey [special_room_bee], special_room [special_room_orc]
Temple:   kb_temple_of_zot

Skill      XL: |  1  2  3  4  5  6  7  8  9 10 11 |
---------------+----------------------------------+-----
Shields        | 2 4 |  4.0
Fighting       | 3 4 5 7 |  7.8
Armour         | 3 4 5 |  5.0
Staves         | 7 |  7.1
Fire Magic     | 7 8 9 10 | 10.0
Evocations     | 7 8 9 10 | 10.0
Spellcasting   | 1 |  1.2
Dodging        | 5 |  5.8
Crossbows      | |  4.0
Stealth        | |  1.0

Action                   |  1- 3 |  4- 6 |  7- 9 | 10-12 || total
-------------------------+-------+-------+-------+-------++-------
Melee: Whip              |    33 |       |       |       ||    33
       Mace              |    50 |       |       |       ||    50
       Flail             |     5 |    99 |       |       ||   104
       Hand axe          |       |    21 |    20 |       ||    41
       Staff             |       |       |   198 |   514 ||   712
 Fire: Hand crossbow     |    36 |    34 |    23 |       ||    93
Evoke: Wand              |       |       |     5 |    28 ||    33
  Use: Scroll            |     2 |     7 |     4 |    13 ||    26
       Potion            |     1 |       |     3 |    10 ||    14
 Stab: Paralysed         |       |       |     7 |    15 ||    22
Armor: Ring mail         |    69 |    44 |    39 |       ||   152
       Steam dragon scal |       |       |    37 |   165 ||   202
Dodge: Dodged            |   104 |    80 |    98 |   264 ||   546
Block: Buckler           |       |    27 |    53 |   109 ||   189

Table legend: (Time is in decaauts)
 A = Elapsed time spent in this place.
 B = Non-inter-level travel time spent in this place.
 C = Inter-level travel time spent in this place.
 D = Time resting spent in this place.
 E = Time spent auto-exploring this place.
 F = Levels seen in this place.
 G = Mean time per level.
                   A        B        C        D        E       F      G
               +--------+--------+--------+--------+--------+-----+--------+
         Total |  14688 |  14112 |    576 |   3684 |   7578 |  14 | 1049.1 |
       Dungeon |  14594 |  14026 |    568 |   3684 |   7513 |  13 | 1122.6 |
        Temple |     94 |     86 |      8 |      0 |     65 |   1 |   94.0 |
               +--------+--------+--------+--------+--------+-----+--------+

Top non-repeatable levels by time:
     D:9: 2049 daAuts
     D:5: 1821 daAuts
     D:8: 1805 daAuts
     D:4: 1662 daAuts
     D:1: 1464 daAuts
     D:7: 1410 daAuts
     D:2: 1327 daAuts
     D:6: 1031 daAuts
     D:3: 746 daAuts
    D:13: 657 daAuts
    D:12: 397 daAuts
    D:11: 117 daAuts
    D:10: 103 daAuts
  Temple: 94 daAuts
